 Dungeon Crawl Stone Soup version 0.21-a0-444-g29a2fec (webtiles) character file.

83211 4thArraOfDagon the Devastator (level 15, -7/108 HPs)
             Began as a Naga Fire Elementalist on Nov 17, 2017.
             Was a High Priest of Vehumet.
             Killed by divine providence
             ... invoked by a deep elf high priest
              (11 damage)
             ... on level 3 of the Elven Halls.
             The game lasted 01:18:12 (10333 turns).

4thArraOfDagon the Devastator (NaFE)               Turns: 10333, Time: 01:18:13

Health: -7/108     AC:  7    Str: 14 (15) XL:     15   Next: 76%
Magic:  11/27      EV: 15    Int: 26 (30) God:    Vehumet [*****.]
Gold:   910        SH:  0    Dex: 16 (17) Spells: 7/37 levels left

rFire    + + +     SeeInvis +   E - +10 whip "Keec" {protect, *Drain rF+ rC+}
rCold    . . .     Gourm    +   (no shield)
rNeg     . . .     Faith    .   g - +4 troll leather armour
rPois    +         Spirit   .   m - +2 helmet {SInv}
rElec    .         Reflect  .   W - +0 cloak
rCorr    .         Harm     .   (no gloves)
MR       +....     Clarity  +   (no barding)
Stlth    +++++.....             d - amulet of the gourmand
HPRegen  0.00/turn              u - ring of fire
MPRegen  0.20/turn              Q - ring of Tocatowy {*Drain rF+ Str+3 Int+3 Dex+2}

@: brilliant, agile, corroded, very slightly contaminated, studying Ice Magic,
very slow
A: fangs 1, stinger 1, see invisible, blink, clarity, clumsy 1, deformed body,
deterioration 2, low mp 1, poison resistance, slowness 2, inhibited
regeneration, slow metabolism 1, spit poison 1, strong 1, subdued magic 1,
constrict 1, AC +5
a: Spit Poison, Blink, Renounce Religion


You were on level 3 of the Elven Halls.
You worshipped Vehumet.
Vehumet was extremely pleased with you.
You were full.

You visited 4 branches of the dungeon, and saw 20 of its levels.
You visited the Abyss 1 time.
You also visited: Ice Cave.

You collected 1895 gold pieces.
You spent 985 gold pieces at shops.

Inventory:

Hand Weapons
 A - a +2 great sword of freezing
 B - the +9 trident "Bofuurec" {flame, Dex+2}
   (You found it on level 8 of the Dungeon)

   It has been specially enchanted to burn those struck by it, causing extra
   injury to most foes and up to half again as much damage against particularly
   susceptible opponents.
   It affects your dexterity (+2).
 E - the +10 whip "Keec" (weapon) {protect, *Drain rF+ rC+}
   (You found it on level 9 of the Dungeon)

   It protects the one who uses it against injury (+AC on strike).
   It protects you from fire.
   It protects you from cold.
   It causes draining when unequipped.
 I - a +1 falchion of flaming
Armour
 g - a +4 troll leather armour (worn)
 h - a +2 robe of positive energy
 m - a +2 helmet of see invisible (worn)
 n - a +2 robe of magic resistance
 F - a +1 robe of resistance
 W - a +0 cloak (worn)
Magical Staves
 Y - an uncursed staff of death
Jewellery
 d - an amulet of the gourmand (around neck)
 u - a ring of fire (left hand)
 Q - the ring of Tocatowy (right hand) {*Drain rF+ Str+3 Int+3 Dex+2}
   (You found it in an ice cave)

   [ring of dexterity]

   It affects your strength (+3).
   It affects your intelligence (+3).
   It affects your dexterity (+2).
   It protects you from fire.
   It causes draining when unequipped.
Wands
 e - a wand of lightning (12/15)
 f - a wand of polymorph (12/24)
 j - a wand of scattershot (1/9)
 l - a wand of iceblast (7/15)
 G - a wand of paralysis (8/24)
 S - a wand of iceblast (0/15)
 X - a wand of acid (1/15)
Scrolls
 i - 2 scrolls of recharging
 o - a scroll of immolation {unknown}
 v - 10 scrolls of remove curse
 y - 3 scrolls of holy word {unknown}
 K - 3 scrolls of fear
 P - a scroll of fog
 Z - 2 scrolls of amnesia
Potions
 a - a potion of mutation {unknown}
 q - a potion of brilliance
 s - a potion of magic
 t - a potion of might
 z - 2 potions of cancellation
 C - a potion of invisibility {unknown}
 H - 2 potions of flight
 U - a potion of experience {unknown}
Books
 b - a book of Flames

   Spells                             Type                      Level
   a - Flame Tongue                   Conjuration/Fire             1
   b - Throw Flame                    Conjuration/Fire             2
   c - Conjure Flame                  Conjuration/Fire             3
   d - Inner Flame                    Hexes/Fire                   3
   e - Sticky Flame                   Conjuration/Fire             4
   f - Fireball                       Conjuration/Fire             5
 L - a manual of Ice Magic
 N - a book of Power

   Spells                             Type                      Level
   a - Iskenderun's Battlesphere      Conjuration/Charms           5
   b - Venom Bolt                     Conjuration/Poison           5
   c - Bolt of Magma                  Conjuration/Fire/Earth       5
   d - Iron Shot                      Conjuration/Earth            6
   e - Orb of Destruction             Conjuration                  7
   f - Spellforged Servitor           Conjuration/Summoning        7
Comestibles
 c - 12 bread rations
 k - 7 royal jellies
 p - 9 meat rations


   Skills:
 - Level 1.5 Dodging
 - Level 8.2 Stealth
 + Level 11.7 Spellcasting
 * Level 16.9 Conjurations
 * Level 16.0 Fire Magic


You had 7 spell levels left.
You knew the following spells:

 Your Spells              Type           Power        Failure   Level  Hunger
a - Flame Tongue          Conj/Fire      #####        0%          1    None
b - Conjure Flame         Conj/Fire      #######.     0%          3    None
c - Sticky Flame          Conj/Fire      #######.     1%          4    None
d - Fireball              Conj/Fire      #######...   1%          5    ###....
e - Orb of Destruction    Conj           #######...   1%          7    ######.
f - Iron Shot             Conj/Erth      ######....   2%          6    #####..
g - Iskenderun's Mystic   Conj           #######.     0%          4    None


Dungeon Overview and Level Annotations

Branches:
Dungeon (14/15)            Temple (1/1) D:6            Lair (0/6) D:8
    Orc (2/2) D:12            Elf (3/3) Orc:2        Vaults (0/5) D:14

Altars:
Ashenzari
Cheibriados
Dithmenos
Elyvilon
Fedhas
Gozag
Hepliaklqana
Kikubaaqudgha
Makhleb
Nemelex Xobeh
Okawaru
Qazlal
Ru
Sif Muna
Trog
Uskayaw
Vehumet
Wu Jian
Xom
Yredelemnul
Zin
The Shining One
Beogh

Shops:
D:9 *   D:11 ?   Orc:2 :[*(   Elf:1 (

Annotations:
D:14 Rupert


Innate Abilities, Weirdness & Mutations

You cannot wear boots.
Your serpentine skin is tough. (AC +5)
You have supernaturally acute eyesight. (SInv)
Armour fits poorly on your strangely shaped body.
Your system is resistant to poisons. (rPois)
You cover ground very slowly.
You have a slow metabolism.
You can spit poison.
You can use your snake-like lower body to constrict enemies.
You have very sharp teeth.
Your tail ends in a poisonous barb.
You can translocate small distances at will.
You possess an exceptional clarity of mind.
You are clumsy. (Dex -2)
Your body often deteriorates upon taking damage.
Your magical capacity is low. (-10% MP)
You do not regenerate when monsters are visible.
Your muscles are strong. (Str +2)
Your spells are a little easier to cast, but a little less powerful.


Message History

Casting: Fireball
Confirm with . or Enter, or press ? or * to list all spells.
Aiming: Fireball
Press: ? - help, Shift-Dir - straight line You feel a surge of power!
The fireball explodes!
The fireball engulfs the deep elf annihilator.
You kill the deep elf annihilator!
Vehumet accepts your kill.
You feel your power returning.
Your Fire Magic skill increases to level 16!
The fireball engulfs the deep elf demonologist.
You kill the deep elf demonologist!
Vehumet accepts your kill.
You feel your power returning.
The Hell Sentinel disappears in a puff of smoke!
The sixfirhy disappears in a puff of smoke!
The rust devil disappears in a puff of smoke!
The deep elf high priest calls down the wrath of its god upon you.
Something smites you!
You die...

**,,,,,,,,,,,,,,**
**............**
**.....e....#*
##..eee...##
##....ee1...#*
##.......e....**
##.....eee...§.,**
*#...#e..§e...#.,,**
*...###.@§...###,,,*
*#...#..)§)...#.,,**
##...).#))#....,**
##...##))#*...**
##.#*#)§#**,#* # ###
#.%# *** # #.#..# #
#.(.# # #...#


You could see an Ice Fiend, 3 deep elf annihilators, a deep elf death mage, 3
deep elf sorcerers, 2 deep elf elementalists, a deep elf demonologist and 2 deep
elf high priests.

Vanquished Creatures
  A deep elf master archer (Elf:3)
  Frances (D:12)
  Donald (Orc:2)
  3 deep elf sorcerers (Elf:3)
  An orc warlord (Orc:2)
  The ghost of PhazeDK the Devastator, a journeyman DEFE of Vehumet (Orc:2)
  3 deep elf elementalists (Elf:3)
  3 deep elf demonologists
  4 deep elf annihilators (Elf:3)
  2 deep elf death magi (Elf:3)
  A green death (Abyss:3)
  3 deep elf high priests
  A hydra (D:8)
  The ghost of Autsider the Destroyer, a novice DrCj of Vehumet (D:11)
  2 two-headed ogres
  5 dancing weapons
  8 death yaks
  A vampire mage (Abyss:3)
  5 large abominations
  An orc high priest (Orc:2)
  Nergalle (Orc:2)
  6 deep elf knights
  An unseen horror (D:13)
  A sixfirhy (Abyss:4)
  6 deep elf archers
  Pikel (D:5)
  3 orc knights (Orc:2)
  4 orc sorcerers (Orc:2)
  A manticore (D:12)
  A manticore (shapeshifter) (Elf:2)
  30 deep elf magi
  A cyclops (D:12)
  3 ugly things
  2 centaur zombies (D:13)
  3 ice statues (IceCv)
  An ancient zyme (Abyss:4)
  A meliai (shapeshifter) (Elf:3)
  9 trolls
  A hornet (D:7)
  2 dream sheep (D:8)
  A meliai zombie (D:13)
  5 hippogriffs
  2 air elementals
  A vampire (D:11)
  3 water elementals
  2 wraiths (D:10)
  A fire elemental (Elf:3)
  Eustachio (D:6)
  15 yaks
  A basilisk (shapeshifter) (D:8)
  A chaos spawn (Abyss:3)
  2 wargs (Orc:2)
  An acid dragon (D:13)
  Duvessa (D:6)
  31 orc warriors
  A sky beast (D:11)
  9 ice beasts
  An eye of draining (D:9)
  A phantom (D:10)
  11 ogres
  A big kobold (shapeshifter) (Elf:3)
  6 big kobolds
  10 bullfrogs
  2 wyvern zombies (D:13)
  3 gnoll sergeants
  4 earth elementals
  Dowan (D:6)
  2 small abominations (Abyss:3)
  5 scorpions
  7 killer bees
  3 jellies
  4 wights (D:11)
  An electric eel (D:11)
  4 howler monkeys
  A bullfrog zombie (D:11)
  6 crimson imps
  3 hounds
  18 orc priests
  27 orc wizards
  3 bullfrog skeletons
  7 iguanas
  8 worker ants
  A hound skeleton (D:6)
  2 worker ant zombies
  16 gnolls
  9 adders
  A howler monkey skeleton (D:6)
  3 shadow imps
  A white imp (D:7)
  An ooze (D:5)
  2 adder zombies
  4 leopard geckos
  66 orcs
  5 giant cockroaches
  8 goblins
  9 hobgoblins
  6 jackals
  10 kobolds
  4 quokkas
  A ball python (D:8)
  7 bats
  4 frilled lizards
  2 leopard gecko skeletons
  4 rats
509 creatures vanquished.

Vanquished Creatures (others)
  14 fungi (Elf:3)
14 creatures vanquished.

Grand Total: 523 creatures vanquished

Notes
Turn   | Place    | Note
-------+----------+-------------------------------------------
     0 | D:1      | 4thArraOfDagon the Naga Fire Elementalist began the quest for the Orb.
     0 | D:1      | Reached XP level 1. HP: 15/15 MP: 3/3
    54 | D:2      | Reached XP level 2. HP: 19/22 MP: 5/5
   147 | D:3      | Reached XP level 3. HP: 28/28 MP: 4/6
   157 | D:3      | Learned a level 3 spell: Conjure Flame
   258 | D:4      | Noticed a scorpion
   274 | D:4      | Reached XP level 4. HP: 35/36 MP: 5/7
   313 | D:4      | Reached XP level 5. HP: 37/42 MP: 4/9
   321 | D:4      | Learned a level 4 spell: Sticky Flame
   443 | D:5      | Entered Level 5 of the Dungeon
   495 | D:5      | Noticed a slave
   531 | D:5      | Noticed an ice beast
   540 | D:5      | Killed an ice beast
   540 | D:5      | Reached XP level 6. HP: 28/49 MP: 2/10
   600 | D:6      | Reached skill level 5 in Fire Magic
   611 | D:6      | Noticed a hippogriff
   689 | D:6      | Noticed Dowan
   690 | D:6      | Noticed Duvessa
   703 | D:6      | Killed Dowan
   703 | D:6      | Reached XP level 7. HP: 48/55 MP: 4/12
   738 | D:6      | Killed Duvessa
   886 | D:7      | Reached skill level 5 in Conjurations
  1019 | D:7      | Learned a level 5 spell: Fireball
  1040 | D:7      | Noticed a hornet
  1049 | D:7      | Killed a hornet
  1049 | D:7      | Reached XP level 8. HP: 62/62 MP: 3/14
  1468 | D:5      | Noticed Pikel
  1483 | D:5      | Killed Pikel
  1483 | D:5      | Reached XP level 9. HP: 68/68 MP: 8/16
  1571 | D:5      | Reached skill level 5 in Spellcasting
  1754 | D:6      | Found a staircase to the Ecumenical Temple.
  1762 | Temple   | Entered the Ecumenical Temple
  1805 | Temple   | Became a worshipper of Vehumet
  1860 | D:6      | Noticed Eustachio
  1866 | D:6      | Killed Eustachio
  2206 | D:1      | Reached * piety under Vehumet
  2206 | D:1      | Offered knowledge of Sting by Vehumet.
  2485 | D:2      | Found a shadowy altar of Dithmenos.
  2757 | D:3      | 4thArraOfDagon: w sumie pocieszenie ze jory moze zabic kazdego :)
  2952 | D:8      | Gained mutation: Your body sometimes deteriorates upon taking damage. [mutagenic meat]
  2953 | D:8      | p0werm0de: SUP
  2954 | D:8      | Gained mutation: You possess an exceptional clarity of mind. [mutagenic meat]
  2982 | D:8      | Thaneod: hola guys!
  2990 | D:8      | 4thArraOfDagon: sup
  2990 | D:8      | Rhok: hola
  3011 | D:8      | Got a faintly glowing trident
  3012 | D:8      | Identified the +9 trident "Bofuurec" {flame, Dex+2} (You found it on level 8 of the Dungeon)
  3066 | D:8      | Found a sacrificial altar of Ru.
  3073 | D:8      | Offered knowledge of Freeze by Vehumet.
  3078 | D:8      | Reached ** piety under Vehumet
  3108 | D:8      | Noticed a two-headed ogre
  3116 | D:8      | Killed a two-headed ogre
  3116 | D:8      | Reached XP level 10. HP: 61/75 MP: 6/19
  3119 | D:8      | Noticed a death yak
  3147 | D:8      | Found a staircase to the Lair.
  3147 | D:8      | Noticed a death yak
  3163 | D:8      | Noticed a death yak
  3164 | D:8      | Noticed a death yak
  3165 | D:8      | Noticed a death yak
  3170 | D:8      | Killed a death yak
  3208 | D:8      | p0werm0de: !ood Mulzaro
  3211 | D:8      | beem: p0werm0de conjures a glowing orb. The orb of destruction hits Mulzaro!!!!
  3332 | D:9      | 4thArraOfDagon: !polymorh Thaneod
  3332 | D:9      | 4thArraOfDagon: fail...
  3332 | D:9      | Mulzaro: :D
  3332 | D:9      | p0werm0de: ;D
  3332 | D:9      | Thaneod: !polymorph Rhok
  3332 | D:9      | beem: Thaneod zaps a wand. Rhok evaporates and reforms as an orc priest!
  3332 | D:9      | p0werm0de: yermak failed streak
  3332 | D:9      | 4thArraOfDagon: oh thee ol mighty punish me!
  3345 | D:9      | Got a crude whip
  3354 | D:9      | p0werm0de: !punish 4thArra
  3380 | D:9      | Thaneod: !fireball beem
  3397 | D:9      | p0werm0de: but you dont need to call me like that
  3422 | D:9      | p0werm0de: p0 is just alrite
  3470 | D:9      | Xiguana: no
  3475 | D:9      | Found Jingieff's General Store.
  3482 | D:9      | p0werm0de: !xxx xiguana left cheek
  3482 | D:9      | beem: p0werm0de casts a spell. 15 tentacled monstrosities appear! The tentacled monstrosity tentacle-slaps xiguana left cheek! x15
  3487 | D:9      | Xiguana: ouch! that really hurt! you die...
  3500 | D:9      | p0werm0de: 15 is a bit much maybe
  3502 | D:9      | Reached skill level 10 in Fire Magic
  3563 | D:9      | Xiguana: u overslept
  3575 | D:9      | Xiguana: gonna play?
  3588 | D:8      | Rhok: !ood p0 thaneod xig
  3590 | D:8      | beem: Rhok conjures an orb of pure magic. The orb of destruction hits p0 thaneod xig!!!!!
  3595 | D:8      | p0werm0de: i need shower
  3611 | D:8      | p0werm0de: then yes
  3613 | D:8      | Noticed a death yak
  3613 | D:8      | Xiguana: go play grck
  3613 | D:8      | p0werm0de: i have super char going
  3615 | D:8      | Xiguana: wat
  3616 | D:8      | p0werm0de: !stalk .
  3617 | D:8      | Noticed a death yak
  3620 | D:8      | Killed a death yak
  3620 | D:8      | Reached skill level 10 in Conjurations
  3624 | D:8      | beem: p0werm0de the L13 OpEn^Xom in D:11 (cxc tiles), T:12873, defenses: 4/24/0, stats: 7/25/17
  3624 | D:8      | Killed a death yak
  3629 | D:8      | Killed a death yak
  3629 | D:8      | Reached XP level 11. HP: 80/81 MP: 10/21
  3632 | D:8      | Killed a death yak
  3635 | D:8      | Xiguana: super?
  3635 | D:8      | Killed a death yak
  3639 | D:8      | Xiguana: !stalk
  3639 | D:8      | beem: Xiguana the L16 VSWz^Chei in Spider:1 (cxc tiles), T:15794, runes: 1 (decaying), defenses: 13/18/18, stats: 35/32/32
  3641 | D:8      | p0werm0de: yes octopode of xom
  3642 | D:8      | Killed a death yak
  3643 | D:8      | p0werm0de: always good
  3649 | D:8      | Xiguana: ^
  3654 | D:8      | p0werm0de: with tentacle spike
  3665 | D:8      | Xiguana: 15k 1 rune
  3671 | D:8      | Xiguana: thats good for me
  3684 | D:8      | p0werm0de: nice
  3692 | D:8      | Xiguana: mb sub 70k
  3712 | D:8      | p0werm0de: i need shower afking
  3752 | D:8      | Offered knowledge of Searing Ray by Vehumet.
  3775 | D:8      | Xiguana: !lg yermak
  3780 | D:8      | beem: 3466. Yermak the Stinger (L2 GnVM), slain by an adder on D:2 (glass_columns_b) on 2017-11-17 10:12:28, with 18 points after 302 turns and 0:02:56.
  3792 | D:8      | Noticed a three-headed hydra
  3796 | D:8      | Killed a one-headed hydra
  3814 | D:8      | Xiguana: !lg yermak -2
  3818 | D:8      | beem: 3465/3466. Yermak the Thaumaturge (L13 GnVM of Cheibriados), blasted by a rime drake (flash freeze) on Lair:4 (regret_index_harrowing_hell_hive) on 2017-11-17 09:58:04, with 22830 points after 6609 turns and 1:20:54.
  3849 | D:10     | Entered Level 10 of the Dungeon
  4006 | D:10     | Reached *** piety under Vehumet
  4178 | D:10     | Offered knowledge of Static Discharge by Vehumet.
  4202 | D:11     | Thaneod: !lg Thaneod -3
  4204 | D:10     | beem: 423/425. Thaneod the Eclecticist (L18 DEFE of Vehumet), blasted by Jory (crystal spear) on Vaults:3 (v_rooms_6) on 2017-11-16 21:42:06, with 235442 points after 53761 turns and 4:17:48.
  4242 | D:11     | Xiguana: !lg thaneod -3 x=tdam
  4244 | D:11     | beem: 423/425. [tdam=71] Thaneod the Eclecticist (L18 DEFE of Vehumet), blasted by Jory (crystal spear) on Vaults:3 (v_rooms_6) on 2017-11-16 21:42:06, with 235442 points after 53761 turns and 4:17:48.
  4249 | D:11     | Xiguana: ouch
  4295 | D:11     | Xiguana: %?jory
  4297 | D:11     | beem: Jory (V)
                  | Spd:
    10 | HD: 18   | HP: 156-213
                  | AC/EV: 19/12
                  | Dam: 40, 15(vampiric)
                  | undead, weapons, items, doors, fighter, evil, spellcaster, see invisible, unbreathing
                  | Res: magic(160), cold, poison+++, drown, rot+++, neg+++, torm
                  | Vul:
  4297 | D:11     | beem: ..holy++
                  | XP: 3940
                  | Sp: crystal spear (3d37), mesmerise, blink close, vampiric draining (4-42)
                  | Sz: Medium
                  | Int: human.
  4365 | D:11     | Learned a level 7 spell: Orb of Destruction
  4399 | D:11     | Thaneod: with minotaur of trog is one berserk, and 3 shot:(
  4444 | D:11     | Noticed a two-headed ogre
  4459 | D:11     | Killed a two-headed ogre
  4459 | D:11     | Reached **** piety under Vehumet
  4473 | D:11     | Found Hais's Magic Scroll Shop.
  4482 | D:11     | Bought a scroll of magic mapping for 38 gold pieces
  4482 | D:11     | Bought a scroll of blinking for 82 gold pieces
  4482 | D:11     | Bought a scroll of teleportation for 33 gold pieces
  4482 | D:11     | Bought a scroll of teleportation for 33 gold pieces
  4482 | D:11     | Bought a scroll of teleportation for 33 gold pieces
  4482 | D:11     | Bought a scroll of teleportation for 33 gold pieces
  4482 | D:11     | Bought a scroll of fog for 22 gold pieces
  4482 | D:11     | Bought a scroll of fear for 38 gold pieces
  4535 | D:11     | Noticed Autsider's ghost (novice DrCj)
  4549 | D:11     | Killed Autsider's ghost
  4549 | D:11     | Reached XP level 12. HP: 61/88 MP: 5/24
  4554 | D:11     | rip bud
  4608 | D:11     | Noticed a death yak
  4609 | D:11     | Xiguana: !straek Xiguana
  4610 | D:11     | beem: Xiguana (won) has 14 consecutive wins (VSMo, GrBe, GrMo, VSMo, MiBe, TeCj, FeEn, NaMo, FoFi, DEFE, DgWz, GnSk, DrCK, MuGl), and can keep going!
  4610 | D:11     | Offered knowledge of Bolt of Draining by Vehumet.
  4612 | D:11     | Mulzaro: Basic Vehumet, XL 12 OOD
  4613 | D:11     | Killed a death yak
  4757 | D:11     | Gained mutation: You do not regenerate when monsters are visible. [mutagenic meat]
  4758 | D:11     | Gained mutation: You have very sharp teeth. [mutagenic meat]
  4813 | D:12     | Noticed Frances
  4818 | D:12     | Killed Frances
  4979 | D:12     | :O
  5065 | D:12     | Found a staircase to the Orcish Mines.
  5070 | D:12     | Reached ***** piety under Vehumet
  5071 | D:12     | Offered knowledge of Lee's Rapid Deconstruction by Vehumet.
  5321 | D:14     | Found a gate to the Vaults.
  5321 | D:14     | Noticed Rupert
  5321 | D:14     | Noticed a centaur warrior
  5492 | D:13     | Gained mutation: You can use your snake-like lower body to constrict enemies. [Naga growth]
  5492 | D:13     | Reached XP level 13. HP: 48/94 MP: 17/26
  5512 | D:13     | Gained mutation: Your magical capacity is low. (-10% MP) [mutagenic meat]
  5513 | D:13     | Gained mutation: You are clumsy. (Dex -2) [mutagenic meat]
  5628 | D:12     | Mulzaro: The art of using conjure flame
  5723 | D:12     | Xiguana: yeee pretty sixk
  5772 | Orc:1    | Entered Level 1 of the Orcish Mines
  5893 | Orc:1    | Found a frozen archway.
  5902 | IceCv    | Entered an ice cave
  5949 | IceCv    | Identified the +10 whip "Keec" {protect, *Drain rF+ rC+} (You found it on level 9 of the Dungeon)
  6076 | IceCv    | Gained mutation: Your body often deteriorates upon taking damage. [mutagenic meat]
  6380 | IceCv    | Xiguana: thats soem educational material
  6412 | IceCv    | Xiguana: i didnt know u can hit outside los
  6413 | IceCv    | Got a glittering steel ring
  6418 | IceCv    | Identified the ring of Tocatowy {*Drain rF+ Str+3 Int+3 Dex+2} (You found it in an ice cave)
  6433 | IceCv    | Got a faintly glowing ring mail
  6444 | IceCv    | Identified the cursed +1 ring mail of Ogioreth {*Corrode rPois rN+++ MP-9} (You found it in an ice cave)
  6546 | Orc:1    | Mulzaro: I knew it was possible with Firestorm for example but not fireball
  6657 | Orc:2    | Entered Level 2 of the Orcish Mines
  6665 | Orc:2    | Noticed Donald
  6824 | Orc:2    | p0werm0de: gogo play
  6839 | Orc:2    | p0werm0de: du kriegst den brainwash!!
  6914 | Orc:2    | Found a roughly hewn altar of Beogh.
  6914 | Orc:2    | Noticed Nergalle
  6914 | Orc:2    | Noticed an orc warlord
  6915 | Orc:2    | Mulzaro: wow
  6915 | Orc:2    | Mulzaro: nice tele
  6928 | Orc:2    | p0werm0de: teleporot is rigged
  6932 | Orc:2    | p0werm0de: in trunk
  6934 | Orc:2    | p0werm0de: imo
  6945 | Orc:2    | p0werm0de: you always teleport next to crowd
  6945 | Orc:2    | :O
  6945 | Orc:2    | p0werm0de: i die a lot from it
  6945 | Orc:2    | p0werm0de: its a conspiracy
  6945 | Orc:2    | p0werm0de: gammafunk!!
  6953 | Orc:2    | Thaneod: :)
  6972 | Orc:1    | Mulzaro: Goddamnit gammafunk
  7019 | Orc:1    | p0werm0de: yes
  7032 | Orc:2    | Learned a level 6 spell: Iron Shot
  7075 | Orc:2    | :O
  7089 | Orc:2    | p0werm0de: donald so nice
  7113 | Orc:2    | Killed Donald
  7113 | Orc:2    | Reached skill level 10 in Spellcasting
  7163 | Orc:2    | Found a staircase to the Elven Halls.
  7234 | Orc:2    | 4thArraOfDagon: at least one competetive enemy!
  7389 | Orc:2    | Offered knowledge of Iskenderun's Mystic Blast by Vehumet.
  7408 | Orc:2    | p0werm0de: who gammafun?? you be kidding ;D
  7419 | Orc:2    | p0werm0de: !hs gammafunk
  7430 | Orc:2    | beem: 776. gammafunk the Conqueror (L27 GrAs of The Shining One), escaped with the Orb and 15 runes on 2017-06-11 00:27:42, with 13506362 points after 118797 turns and 9:32:27.
  7500 | Orc:2    | Rhok: gammafunk is anon number 2
  7510 | Orc:2    | p0werm0de: yes i hope
  7546 | Orc:2    | Killed Nergalle
  7565 | Orc:2    | p0werm0de: wew you have chatlog on
  7575 | Orc:2    | p0werm0de: why no warning
  7579 | Orc:2    | Mulzaro: lol
  7601 | Orc:2    | Noticed PhazeDK's ghost (journeyman DEFE)
  7602 | Orc:2    | :O
  7602 | Orc:2    | p0werm0de: damn!!!
  7604 | Orc:2    | p0werm0de: i must be careful
  7622 | Orc:2    | Mulzaro: wtf happened there
  7686 | Orc:2    | Killed PhazeDK's ghost
  7687 | Orc:2    | rip bud
  7723 | Orc:2    | Xiguana: >chatlog on
  7736 | Orc:2    | Thaneod: AM brand worsk against player ghosts too?
  7747 | Orc:2    | Xiguana: ye
  7771 | Orc:2    | p0werm0de: xigu go play
  7779 | Orc:2    | Xiguana: no im phone
  7785 | Orc:2    | Xiguana: u go
  7833 | Orc:2    | p0werm0de: chatlog FUCK YA !! byez!
  7839 | Orc:2    | magipi: a prot whip? wtf
  7841 | Orc:2    | Killed an orc warlord
  7850 | Orc:2    | Mulzaro: BiS
  7874 | Orc:2    | Reached skill level 15 in Conjurations
  7875 | Orc:2    | Rhok: chatlog on?!
  7909 | Orc:2    | Found Joiwn's Antique Weapon Shop.
  7932 | Orc:2    | Found Haabb's Antique Armour Shop.
  7947 | Orc:2    | Found Riogg's Book Shop.
  7965 | Orc:2    | Rhok: hmm i probably hung myself at some point last weeks
  7965 | Orc:2    | Found Mugriuce's General Store.
  7973 | Orc:2    | win
  7973 | Orc:2    | Bought a cursed ring of teleportation for 49 gold pieces
  7983 | Orc:2    | Mulzaro: webtiles should probably have a chatlog warning
  8092 | D:9      | Bought a scroll of acquirement for 624 gold pieces
  8093 | D:9      | Got an ichor-stained scarf
  8094 | D:9      | Rhok: yea
  8104 | D:9      | Identified the scarf of the Swamp {rN+ Int-5 Dex+2 Stlth+} (You acquired it on level 9 of the Dungeon)
  8110 | D:9      | Rhok: unfair!
  8118 | D:9      | Learned a level 4 spell: Iskenderun's Mystic Blast
  8212 | Elf:1    | Entered Level 1 of the Elven Halls
  8216 | Elf:1    | Found Bismanu's Weapon Shop.
  8244 | Elf:1    | Reached XP level 14. HP: 102/102 MP: 16/25
  8347 | Elf:1    | Thaneod: hah you didn't read privacy policy before register:>?
  8361 | Elf:1    | Got an amber-encrusted ring mail
  8372 | Elf:1    | Identified the +5 ring mail "Yxuam" {Int-2 Dex+6} (You found it on level 1 of the Elven Halls)
  8444 | Elf:2    | Noticed a deep elf demonologist
  8448 | Elf:2    | Cast into level 3 of the Abyss (a deep elf demonologist)
  8457 | Abyss:3  | Mulzaro: Shiiiiii
  8561 | Abyss:3  | Noticed a starcursed mass
  8619 | Abyss:3  | Noticed a starcursed mass
  8661 | Abyss:4  | Reached skill level 5 in Stealth
  8671 | Abyss:4  | Noticed a bone dragon
  8686 | Abyss:4  | Noticed a starcursed mass
  8765 | Elf:2    | Escaped the Abyss
  8768 | Elf:2    | Killed a deep elf demonologist
  8863 | Elf:2    | Mulzaro: I remember there being some kind of grace period after you come back from Abyss so you cant be immediately banished again. Does anyone know how long it is?
  9120 | Elf:1    | RIP
  9324 | Elf:2    | Gained mutation: Your spells are a little easier to cast, but a little less powerful. [mutagenic meat]
  9325 | Elf:2    | Gained mutation: Your tail ends in a poisonous barb. [mutagenic meat]
  9327 | Elf:2    | Gained mutation: You can translocate small distances at will. [mutagenic meat]
  9434 | Elf:2    | Offered knowledge of Conjure Ball Lightning by Vehumet.
  9436 | Elf:2    | :O
  9438 | Elf:2    | Reached skill level 15 in Fire Magic
  9558 | Elf:3    | Entered Level 3 of the Elven Halls
  9594 | Elf:3    | Gained mutation: Your muscles are strong. (Str +2) [mutagenic meat]
  9625 | Elf:3    | Reached XP level 15. HP: 107/108 MP: 21/27
  9754 | Elf:3    | Noticed a deep elf elementalist
  9761 | Elf:3    | Killed a deep elf elementalist
 10313 | Elf:3    | Noticed a deep elf sorcerer
 10316 | Elf:3    | Noticed a deep elf master archer
 10318 | Elf:3    | Killed a deep elf sorcerer
 10320 | Elf:3    | Noticed a deep elf sorcerer
 10321 | Elf:3    | Noticed a deep elf elementalist
 10321 | Elf:3    | Killed a deep elf master archer
 10322 | Elf:3    | Noticed a deep elf sorcerer
 10324 | Elf:3    | Noticed a deep elf elementalist
 10325 | Elf:3    | Killed a deep elf sorcerer
 10325 | Elf:3    | Killed a deep elf elementalist
 10325 | Elf:3    | Killed a deep elf sorcerer
 10326 | Elf:3    | Noticed a Hell Sentinel
 10327 | Elf:3    | Killed a deep elf elementalist
 10328 | Elf:3    | :O
 10328 | Elf:3    | Thaneod: tele?
 10328 | Elf:3    | 4thArraOfDagon: no
 10328 | Elf:3    | 4thArraOfDagon: i have to fight
 10328 | Elf:3    | 4thArraOfDagon: blink wont save me
 10330 | Elf:3    | Noticed a deep elf elementalist
 10330 | Elf:3    | Noticed a deep elf sorcerer
 10330 | Elf:3    | Noticed a deep elf sorcerer
 10331 | Elf:3    | Noticed a deep elf sorcerer
 10331 | Elf:3    | Noticed a deep elf elementalist
 10331 | Elf:3    | magipi: whoa
 10332 | Elf:3    | Noticed an Ice Fiend
 10332 | Elf:3    | HP: 5/108 [deep elf demonologist/long sword of slicing (5)]
 10333 | Elf:3    | Killed from afar by a deep elf high priest

Vault maps used:
D:1:      lordsloth_arrival_two_stooges, moated_statue, minmay_misc_feat_chi,
          st_stairs_1, minmay_misc_feat_tiny
D:2:      grunt_dithmenos_smoke
D:3:      grunt_ministairs_14
D:4:      kennysheep_goblin_castle, serial_park_tiny_pond
D:5:      minmay_opposing_rooms, first_bread, uniq_pikel
D:6:      minmay_temple_entry_grid, nemelex_spade_bored_becter, uniq_eustachio,
          uniq_duvessa
D:8:      nicolae_ru_great_annihilating_truth, dpeg_lair_monsters,
          hangedman_ranch, kennysheep_just_a_vault
D:9:      serial_shops, shop
D:10:     minmay_statue_hallways
D:11:     argonaut_augean_stables, serial_shops, shop_fountains
D:12:     kennysheep_orc_monster_closet_entryway, basic_altar,
          kennysheep_flooded_box, nicolae_gozag_seed_capital, uniq_azrael,
          uniq_frances
D:13:     basic_altar
D:14:     david_vaults_3, kennysheep_two_boxes, uniq_urug, uniq_sonja,
          uniq_rupert
Temple:   kilobyte_greek_temple
Orc:1:    nicolae_volcano_entry_two_sided, portal_ice_cave_entry_pillars_2
Orc:2:    grunt_orc_cross, nicolae_orc_lava_room, uniq_donald
Elf:1:    serial_shops, nicolae_shop_trees, minmay_elf_necromancy
Elf:3:    minmay_elf_hall_x
Abyss:3:  gammafunk_abyss_rune_reverse_zot
Abyss:4:  evilmike_abyss_exit_1, hangedman_abyss_batty_box,
          nicolae_abyss_rune_star_stuff
IceCv:    ice_cave_statue_garden_chambered

Skill      XL: |  1  2  3  4  5  6  7  8  9 10 11 12 13 14 15 |
---------------+----------------------------------------------+-----
Conjurations   | 2 3 4 5 7 9 10 12 13 15 16 | 16.9
Fire Magic     | 4 5 6 7 9 10 11 12 14 15 16 | 16.0
Spellcasting   | 3 4 6 7 8 9 10 11 | 11.7
Stealth        | 8 |  8.2
Dodging        | |  1.5

Action                   |  1- 3 |  4- 6 |  7- 9 | 10-12 | 13-15 || total
-------------------------+-------+-------+-------+-------+-------++-------
Melee: Unarmed           |     3 |       |       |       |       ||     3
       Spear             |     1 |     7 |    38 |       |       ||    46
       Dagger            |       |       |    60 |       |       ||    60
       Trident           |       |       |    18 |   223 |    10 ||   251
       Great sword       |       |       |     7 |       |       ||     7
       Falchion          |       |       |       |     3 |       ||     3
       Whip              |       |       |       |       |   215 ||   215
       Constrict         |       |       |       |       |    45 ||    45
       Bite              |       |       |       |       |    20 ||    20
       Tailslap          |       |       |       |       |     8 ||     8
 Cast: Flame Tongue      |     7 |    24 |    82 |    55 |    22 ||   190
       Conjure Flame     |       |     3 |     9 |    21 |    12 ||    45
       Sticky Flame      |       |     2 |    25 |    36 |    47 ||   110
       Fireball          |       |       |     2 |    24 |   112 ||   138
       Orb of Destructio |       |       |       |     6 |    31 ||    37
       Iskenderun's Myst |       |       |       |       |     8 ||     8
 Abil: Spit Poison       |    16 |    12 |    47 |    21 |    12 ||   108
Evoke: Wand              |       |       |     3 |       |    10 ||    13
  Use: Scroll            |       |       |    11 |     2 |    24 ||    37
       Potion            |       |       |     7 |     3 |     9 ||    19
 Stab: Paralysed         |       |       |     1 |       |       ||     1
       Sleeping          |       |       |       |     3 |       ||     3
  Eat: Fruit             |       |     4 |       |     4 |       ||     8
       Chunk             |       |       |    24 |    17 |    62 ||   103
       Royal jelly       |       |       |       |       |     1 ||     1
Armor: Robe              |       |     5 |    54 |    89 |    17 ||   165
       Skin              |       |       |       |    11 |     9 ||    20
       Troll leather arm |       |       |       |       |    74 ||    74
       Ring mail         |       |       |       |       |    15 ||    15
Dodge: Dodged            |     4 |     7 |    86 |   115 |    99 ||   311
       Rpst.: Great sword |       |       |     4 |       |       ||     4

Table legend:
 A = Spawn XP
 B = Non-spawn XP
 C = Spawn XP percentage of total XP
 D = Spawn monster count
 E = Non-spawn monster count
 F = Spawn count percentage of total count
 G = Total turns spent on level
                    A         B        C        D         E        F      G
               +---------+---------+-------+---------+---------+-------+---------
         Total |    4143 |  114731 |   3.5 |       9 |     500 |   1.8 | 10333
               +---------+---------+-------+---------+---------+-------+---------
           D:1 |       0 |      25 |   0.0 |       0 |      16 |   0.0 |   295
           D:2 |       0 |      38 |   0.0 |       0 |      16 |   0.0 |   324
           D:3 |       0 |     126 |   0.0 |       0 |      16 |   0.0 |   303
           D:4 |       0 |     204 |   0.0 |       0 |      16 |   0.0 |   359
           D:5 |       0 |    1344 |   0.0 |       0 |      27 |   0.0 |   616
           D:6 |       0 |    1271 |   0.0 |       0 |      27 |   0.0 |   528
           D:7 |       0 |     717 |   0.0 |       0 |      10 |   0.0 |   400
           D:8 |       0 |   10011 |   0.0 |       0 |      36 |   0.0 |   583
           D:9 |       0 |     921 |   0.0 |       0 |      15 |   0.0 |   538
          D:10 |       0 |    1235 |   0.0 |       0 |      22 |   0.0 |   281
          D:11 |       0 |    6912 |   0.0 |       0 |      49 |   0.0 |   625
          D:12 |       0 |    6716 |   0.0 |       0 |      39 |   0.0 |   597
          D:13 |       0 |    3896 |   0.0 |       0 |      16 |   0.0 |   395
         Orc:1 |       0 |    1514 |   0.0 |       0 |      22 |   0.0 |   504
         Orc:2 |       0 |   15863 |   0.0 |       0 |      80 |   0.0 |  1193
         Elf:1 |       0 |    3590 |   0.0 |       0 |       7 |   0.0 |   258
         Elf:2 |       0 |   22210 |   0.0 |       0 |      37 |   0.0 |   779
         Elf:3 |       0 |   33645 |   0.0 |       0 |      35 |   0.0 |   767
       Abyss:3 |    3132 |       0 | 100.0 |       6 |       0 | 100.0 |   182
       Abyss:4 |    1011 |    1279 |  44.1 |       3 |       3 |  50.0 |   135
         IceCv |       0 |    3214 |   0.0 |       0 |      11 |   0.0 |   583
               +---------+---------+-------+---------+---------+-------+---------
